 Dungeon Crawl Stone Soup version 0.29.0-5-ge4962eb29e (webtiles) character file.

Game seed: 18313626136009808061

71870 iguanaiguana the Severer (level 14, -3/190 HPs)
             Began as a Minotaur Berserker on Aug 29, 2022.
             Was a High Priest of Trog.
             Slain by an ice devil (16 damage)
             ... summoned by a kobold demonologist
             ... on level 13 of the Dungeon.
             The game lasted 01:21:13 (22046 turns).

iguanaiguana the Severer (Minotaur Berserker)      Turns: 22046, Time: 01:21:13

Health: -3/190     AC: 24    Str: 34    XL:     14   Next: 99%
Magic:  0/13       EV:  9    Int:  4    God:    Trog [*****.]
Gold:   977        SH:  5    Dex:  9    Spells: 13/13 levels left

rFire   . . .      SeeInvis .   L - +6 broad axe "Apiev" {flame, rPois Will+}
rCold   . . .      Faith    .   Y - +0 buckler
rNeg    + . .      Spirit   +   F - +2 plate armour {rN+}
rPois   +          Reflect  .   (helmet restricted)
rElec   .          Harm     .   N - +0 cloak
rCorr   .          Rampage  .   Z - +0 pair of gloves
Will    ++++.                   P - +0 pair of boots
Stlth   ..........              g - amulet of guardian spirit
HPRegen 1.41/turn               d - +6 ring of strength
MPRegen 0.13/turn               t - +4 ring of protection

@: berserking, strong-willed, regenerating, very quick
A: horns 2, retaliatory headbutt
a: Renounce Religion, Berserk, Trog's Hand, Brothers in Arms


You were on level 13 of the Dungeon.
You worshipped Trog.
Trog was extremely pleased with you.
You visited 4 branches of the dungeon, and saw 20 of its levels.

You collected 1306 gold pieces.
You spent 329 gold pieces at shops.

Inventory:

Hand Weapons
 u - a +2 executioner's axe of flaming
 L - the +6 broad axe "Apiev" (weapon) {flame, rPois Will+}
   (You bought it in a shop on level 7 of the Dungeon)

   It burns those it strikes, dealing additional fire damage.
   Big, fiery blades are also staple armaments of hydra-hunters.
   rPois:     It protects you from poison.
   Will:      It increases your willpower.
 S - a +1 dagger of distortion
Missiles
 j - 5 javelins
 p - 50 poisoned darts
 w - 6 boomerangs (quivered)
 x - a curare-tipped dart
Armour
 F - a +2 plate armour of positive energy (worn)
 N - a +0 cloak (worn)
 P - a +0 pair of boots (worn)
 Y - a +0 buckler (worn)
 Z - a +0 pair of gloves (worn)
Jewellery
 d - a +6 ring of strength (left hand)
 g - an amulet of guardian spirit (around neck)
 s - a +6 ring of intelligence
 t - a +4 ring of protection (right hand)
 H - a ring of fire
 I - an amulet of reflection
Wands
 a - a wand of quicksilver (5)
 v - a wand of iceblast (26) {@v2}
 B - a wand of mindburst (3)
 D - a wand of digging (23) {@v3}
 J - a wand of flame (19)
 O - a wand of paralysis (8)
 T - a wand of polymorph (3)
Scrolls
 b - 3 scrolls of immolation {unknown}
 c - 3 scrolls of vulnerability {unknown}
 h - 4 scrolls of enchant armour {unknown}
 i - 14 scrolls of identify {unknown}
 l - 3 scrolls of brand weapon {unknown}
 m - 8 scrolls of teleportation {unknown}
 q - 3 scrolls of fear {unknown}
 r - a scroll of summoning {unknown}
 y - 3 scrolls of noise {unknown}
 E - 3 scrolls of enchant weapon {unknown}
Potions
 e - 7 potions of brilliance {unknown}
 f - 3 potions of flight {unknown}
 k - a potion of berserk rage {unknown}
 n - 7 potions of attraction {unknown}
 o - a potion of mutation {unknown}
 z - 6 potions of haste {unknown}
 A - 6 potions of ambrosia {unknown}
 C - 4 potions of might {unknown}
 G - 4 potions of degeneration {unknown}
 R - 7 potions of curing {unknown}
Miscellaneous
 W - a phial of floods


   Skills:
 + Level 12.9 Fighting
 - Level 17.6(18.0) Axes
 - Level 6.0(12.9) Polearms
 - Level 12.0 Throwing
 - Level 10.0 Armour
 - Level 6.0 Dodging
 - Level 8.0 Shields
 - Level 10.0 Evocations


You had 13 spell levels left.
You didn't know any spells.
Your spell library was empty.

Dungeon Overview and Level Annotations

Branches:
Dungeon (13/15) Zot: 26599  Temple (1/1) D:7 Zot: 5990    Lair (5/5) D:11 Zot: 21102
  Swamp (0/4) Lair:3       Spider (0/4) Lair:3        Slime (0/5) Lair:4
    Orc (1/2) D:11 Zot: 5950
 Vaults: D:13-14

Altars:
Ashenzari
Cheibriados
Elyvilon
Fedhas
Hepliaklqana
Kikubaaqudgha
Makhleb
Ru
Uskayaw
Wu Jian
The Shining One
Jiyva

Shops:
D:1 (   D:7 :(   D:9 :   Orc:1 *

Annotations:
D:3 2 transporters
D:5 1 runed translucent door, exclusion: downstairs, Voxie's ghost, amateur GrVM
D:7 exclusion: downstairs
D:8 exclusion: downstairs
Lair:5 3 runed translucent doors, exclusions: 3 doors and oklob plant, turdburglar's ghost, journeyman TrFi


Innate Abilities, Weirdness & Mutations

You have a pair of horns on your head.
You reflexively headbutt those who attack you in melee.


Message History

You miss the +4 long sword. You hit the kobold demonologist.
You burn the kobold demonologist.
You hit the +4 long sword but do no damage.
You hit the kobold demonologist. You burn the kobold demonologist.
Your ogre closely misses the +4 long sword.
Your skin crawls.
You feel strong-willed.
Your ogre barely misses the +4 long sword.
The kobold demonologist gestures wildly while chanting. x2
You barely miss the +4 long sword. You slice the iron imp!!
You kill the iron imp!
The iron imp disappears in a puff of smoke!
You barely miss the kobold demonologist.
You slash the white imp! You burn the white imp.
You kill the white imp!
The white imp disappears in a puff of smoke!
Your ogre hits the +4 long sword with a +0 giant club!!
The +4 long sword falls from the air.
The kobold demonologist casts a spell. x2
You closely miss the kobold demonologist.
The kobold demonologist is moderately wounded.
You hit the ice devil but do no damage. You closely miss the +4 long sword.
You hit the hellwing but do no damage. The +4 long sword hits you!!
* * * LOW HITPOINT WARNING * * *
The kobold demonologist miscasts a cantrip.
Your ogre closely misses the hellwing.
A red film seems to cover your vision as you go berserk!
You feel yourself moving faster!
You feel mighty! The +4 long sword hits you.
* * * LOW HITPOINT WARNING * * *
The chaos spawn gores your ogre!
Your ogre seems to speed up.
Your ogre barely misses the chaos spawn.
You completely miss the kobold demonologist.
You slice the kobold demonologist!! You burn the kobold demonologist.
You slash the +4 long sword! You burn the +4 long sword.
You barely miss the hellwing. You closely miss the ice devil.
The ice devil hits you!
* * * LOW HITPOINT WARNING * * *
The ice devil freezes you!
You die...

§.3.#.#(....#
..(KK..(....#
...(...)....#
......K##K.##
.§..... ##.##
....... ##.##
..^.... #..##
..<....
##(5####
......#
##@KO4..#
..<###
#4K4###....
##..## #..
##).## #
#..## ##..#
##..## ##..##
##..##


You could see a hellwing (summoned), an ice devil (summoned), 2 kobold
demonologists, a chaos spawn (summoned, ally target), a +4 long sword, an
ufetubus (summoned) and a friendly ogre (summoned, berserk, fast).

Vanquished Creatures
  Kirke (Lair:5)
  A dire elephant (Lair:5)
  7 hydras
  A boulder beetle (D:13)
  2 catoblepae (Lair:5)
  A centaur warrior (D:13)
  Erica (D:11)
  6 two-headed ogres
  A deep troll shaman (Lair:5)
  11 death yaks
  Nergalle (D:10)
  An orb spider (Lair:3)
  2 bog bodies (Lair:3)
  3 orc knights (D:11)
  An oklob plant (D:11)
  A deep elf pyromancer (D:13)
  A cyclops (D:12)
  A manticore (Lair:4)
  16 elephants (Lair:5)
  4 black mambas
  2 gargoyles (D:12)
  15 cane toads
  2 torpor snails (Lair:4)
  11 komodo dragons
  An unseen horror (D:10)
  4 rime drakes
  4 kobold demonologists (D:12)
  6 trolls
  3 meliai (D:13)
  3 polar bears
  A hornet (Lair:4)
  21 blink frogs
  2 dream sheep
  2 slime creatures (D:12)
  6 wyverns
  4 water elementals (D:12)
  7 basilisks
  16 yaks
  2 wraiths (D:12)
  2 hogs (Lair:5)
  3 vampire mosquitoes (D:12)
  2 steam dragons
  A warg (Lair:4)
  2 swamp worms (Lair:3)
  15 water moccasins
  12 orc warriors
  3 ice beasts
  4 black bears
  A sky beast (D:8)
  An ogre (D:5)
  29 wolves
  12 centaurs
  2 phantoms (D:5)
  5 kobold brigands
  Blork the orc (D:4)
  A gnoll sergeant (D:10)
  8 bullfrogs
  A necrophage (D:7)
  A scorpion (D:5)
  4 wights (D:9)
  5 killer bees (D:7)
  6 electric eels
  2 howler monkeys (D:9)
  7 orc priests
  2 hounds
  4 jellies
  Crazy Yiuf (D:7)
  Ijyb (D:5)
  A hell rat (Lair:4)
  5 iguanas
  9 orc wizards
  9 gnolls
  10 adders
  2 shadow imps
  An ufetubus (D:5)
  47 orcs
  6 ball pythons
  7 bats
  7 endoplasms
  6 giant cockroaches
  5 goblins
  5 hobgoblins
  4 jackals (D:1)
  21 kobolds
  2 quokkas
  3 frilled lizards
  5 rats
468 creatures vanquished.

Vanquished Creatures (collateral kills)
  A dancing weapon (D:13)
  9 death yaks
  A black mamba (Lair:4)
  A komodo dragon (Lair:4)
  A polar bear (Lair:4)
  3 water moccasins
  A black bear (Lair:4)
  An orc warrior (D:11)
  A jelly (Lair:4)
  An endoplasm (Lair:4)
20 creatures vanquished.

Vanquished Creatures (others)
  3 humans (Lair:5)
  27 fungi
  38 plants
68 creatures vanquished.

Grand Total: 556 creatures vanquished

Notes
Turn   | Place    | Note
-------+----------+-------------------------------------------
     0 | D:1      | iguanaiguana the Minotaur Berserker began the quest for the
                  | Orb.
     0 | D:1      | Reached XP level 1. HP: 19/19 MP: 0/0
     9 | D:1      | Found Liomn's Weapon Shoppe.
   220 | D:1      | Reached skill level 4 in Axes
   256 | D:1      | Found a faded altar of an unknown god.
   291 | D:1      | Reached XP level 2. HP: 26/26 MP: 1/1
   541 | D:1      | Reached skill level 5 in Axes
   621 | D:2      | Reached ** piety under Trog
   622 | D:2      | Reached XP level 3. HP: 24/31 MP: 2/2
  1306 | D:1      | Bought 3 poisoned darts for 12 gold pieces
  1406 | D:3      | Reached XP level 4. HP: 39/39 MP: 3/3
  1412 | D:3      | Reached skill level 6 in Axes
  1447 | D:3      | Found a transporter.
  1620 | D:1      | Bought a +0 battleaxe for 65 gold pieces
  1673 | D:3      | You fall into a shaft and drop 3 floors!
  1868 | D:6      | Found a broken altar of Ashenzari.
  1985 | D:6      | Noticed a phantom
  1987 | D:6      | Noticed a black bear
  1988 | D:6      | Noticed a black bear
  1989 | D:5      | Entered Level 5 of the Dungeon
  2017 | D:5      | Reached XP level 5. HP: 24/45 MP: 2/4
  2080 | D:5      | Reached skill level 7 in Axes
  2091 | D:5      | Found a runed translucent door.
  2101 | D:4      | Noticed Ijyb
  2107 | D:5      | Killed Ijyb
  2124 | D:5      | Reached XP level 6. HP: 47/51 MP: 5/5
  2150 | D:4      | Reached skill level 1 in Evocations
  2240 | D:4      | Noticed Blork the orc
  2251 | D:4      | Killed Blork the orc
  2401 | D:3      | Found a transporter.
  2815 | D:4      | Reached skill level 8 in Axes
  3121 | D:4      | Reached XP level 7. HP: 50/60 MP: 6/6
  3261 | D:4      | Reached skill level 1 in Polearms
  3683 | D:5      | Found an ornate altar of the Wu Jian Council.
  4058 | D:5      | Reached skill level 5 in Polearms
  4291 | D:5      | Noticed Voxie's ghost (amateur GrVM)
  4319 | D:5      | Reached skill level 5 in Fighting
  4319 | D:5      | Reached XP level 8. HP: 69/69 MP: 7/7
  4442 | D:6      | Found a hide-covered altar of Uskayaw.
  4442 | D:6      | Found a burning altar of Makhleb.
  4517 | D:6      | Reached skill level 1 in Throwing
  4874 | D:6      | Reached *** piety under Trog
  5012 | D:7      | Reached skill level 5 in Throwing
  5136 | D:7      | Found a staircase to the Ecumenical Temple.
  5207 | D:7      | Found Foammiass's Antique Weapon Emporium.
  5219 | D:7      | Bought an ichor-stained broad axe for 252 gold pieces
  5219 | D:7      | Identified the +6 broad axe "Apiev" {flame, rPois Will+}
                  | (You bought it in a shop on level 7 of the Dungeon)
  5360 | D:7      | Found Kaixeh's Vocational Training.
  5621 | D:7      | Found a runed translucent door.
  5622 | D:7      | Noticed Crazy Yiuf
  5674 | D:7      | Found a hazy altar of Hepliaklqana.
  5813 | D:7      | Killed Crazy Yiuf
  5860 | D:8      | Found a glowing golden altar of the Shining One.
  5902 | D:8      | Reached XP level 9. HP: 60/75 MP: 8/8
  6070 | D:8      | Noticed a two-headed ogre
  6070 | D:8      | Noticed a two-headed ogre
  6722 | D:8      | Killed a two-headed ogre
  6909 | D:8      | Killed a two-headed ogre
  6910 | D:8      | Reached skill level 5 in Armour
  7165 | D:9      | Reached XP level 10. HP: 76/88 MP: 9/9
  7167 | D:9      | Noticed a two-headed ogre
  7259 | D:9      | Reached skill level 9 in Axes
  7514 | D:9      | Reached skill level 10 in Axes
  7556 | D:9      | Found Kianexab's Book Emporium.
  7594 | D:9      | Killed a two-headed ogre
  7625 | D:9      | Reached skill level 11 in Axes
  7867 | Temple   | Entered the Ecumenical Temple
  8202 | D:10     | Entered Level 10 of the Dungeon
  8246 | D:10     | Reached skill level 12 in Axes
  8351 | D:10     | Noticed Nergalle
  8362 | D:10     | Killed Nergalle
  8472 | D:10     | Reached skill level 13 in Axes
  8830 | D:10     | Reached **** piety under Trog
  9494 | D:11     | Noticed a two-headed ogre
  9500 | D:11     | Killed a two-headed ogre
  9501 | D:11     | Reached XP level 11. HP: 90/94 MP: 10/10
  9514 | D:11     | Reached skill level 14 in Axes
  9703 | D:11     | Noticed a two-headed ogre
  9706 | D:11     | Noticed Erica
  9716 | D:11     | Killed a two-headed ogre
  9723 | D:11     | Killed Erica
  9762 | D:11     | Noticed a six-headed hydra
  9768 | D:11     | Killed a five-headed hydra
  9769 | D:11     | Reached skill level 15 in Axes
  9880 | D:11     | Found a staircase to the Orcish Mines.
 10030 | D:11     | Noticed a two-headed ogre
 10036 | D:11     | Killed a two-headed ogre
 10270 | D:11     | Found a staircase to the Lair.
 10270 | D:11     | Noticed an oklob plant
 10287 | Lair:1   | Entered Level 1 of the Lair of Beasts
 10398 | Lair:1   | Noticed a six-headed hydra
 10404 | Lair:1   | Killed a four-headed hydra
 10405 | Lair:1   | Reached skill level 16 in Axes
 10577 | Lair:1   | Noticed an eight-headed hydra
 10582 | Lair:1   | Killed a six-headed hydra
 10656 | Lair:1   | Reached skill level 17 in Axes
 10823 | Lair:1   | Noticed a five-headed hydra
 10830 | Lair:1   | Killed a one-headed hydra
 11081 | Lair:1   | Reached XP level 12. HP: 83/102 MP: 11/11
 11845 | Lair:2   | Reached ***** piety under Trog
 11933 | Lair:2   | Reached skill level 10 in Fighting
 12315 | Lair:2   | Noticed an eight-headed hydra
 12340 | Lair:2   | Killed a seven-headed hydra
 12574 | Lair:2   | Found a sacrificial altar of Ru.
 13412 | Lair:3   | Found a hole to the Spider Nest.
 13420 | Lair:3   | Reached skill level 1 in Shields
 13922 | Lair:3   | Reached skill level 5 in Shields
 14446 | Lair:3   | Found a staircase to the Swamp.
 15180 | Lair:4   | Noticed a death yak
 15225 | Lair:4   | Killed a death yak
 15226 | Lair:4   | Reached XP level 13. HP: 117/118 MP: 12/12
 15511 | Lair:4   | Found a viscous altar of Jiyva.
 15511 | Lair:4   | Found a staircase to the Slime Pits.
 15536 | Lair:4   | Reached skill level 10 in Armour
 16333 | Lair:5   | Entered Level 5 of the Lair of Beasts
 17030 | Lair:5   | Received a gift from Trog
 17031 | Lair:5   | Reached skill level 10 in Throwing
 17067 | Lair:5   | Reached XP level 14. HP: 77/126 MP: 9/13
 17367 | Lair:5   | Reached skill level 5 in Dodging
 17564 | Lair:5   | Noticed Kirke
 17575 | Lair:5   | Killed Kirke
 17790 | Lair:5   | Found a runed translucent gate.
 17791 | Lair:5   | Found a runed translucent gate.
 17792 | Lair:5   | Found a runed translucent gate.
 17794 | Lair:5   | Noticed turdburglar's ghost (journeyman TrFi)
 17955 | Lair:5   | Identified the +7 battleaxe "Waxzeodi" {chaos, rC++}
 20818 | Orc:1    | Entered Level 1 of the Orcish Mines
 20832 | Orc:1    | Found Foiraate's Assorted Antiques.
 20870 | D:11     | Reached skill level 10 in Evocations
 22046 | D:13     | Slain by an ice devil

Illustrated notes

Levels and vault maps discovered:
D:1:      lightli_arrival_noodles, layout_basic,
          dreamdust_ecumenical_altar_grove, serial_shops, shop_fountains
D:2:      layout_loops_ring
D:3:      gammafunk_wand_slinger, layout_basic
D:4:      layout_basic, uniq_blork_the_orc, uniq_ijyb
D:5:      layout_loops_cross, pdpol_wu_jian_five_deadly_venoms,
          ebering_ghost_reflecting_pool
D:6:      layout_rooms, nicolae_ashenzari_panopticon, jmf_multi_god_temple,
          serial_shops, shop
D:7:      layout_basic, nzn_hepliaklqana_mist_gate,
          minmay_temple_entry_drinking_statues, serial_shops,
          nicolae_shop_overgrown_old_shop, nicolae_shop_vocational,
          uniq_crazy_yiuf_cottage
D:8:      layout_basic, general_overflow_altar, kennysheep_generic_room_6
D:9:      layout_rooms, serial_shops, nicolae_lakefront_shop
D:10:     layout_cave_pods, uniq_nergalle
D:11:     layout_roguey, dpeg_oklobed_lair, david_orc_5, dk_noncrumbling_2,
          uniq_erica
D:12:     layout_basic, kennysheep_boxes
D:13:     layout_cave_pods, erik_vaults_1
Temple:   eino_temple_rhombus
Lair:1:   layout_roguey
Lair:2:   layout_layer_cave, basic_altar
Lair:3:   layout_roguey, nicolae_swamp_entry_splash_gauntlet,
          nicolae_spider_entry_orb_guardian
Lair:4:   layout_regular_city, nicolae_slime_entry_slimehenge,
          nicolae_lair_lakeside_cave
Lair:5:   grunt_lair_end_beastmaster, layout_cave_pods,
          gammafunk_ghost_necromancy, uniq_kirke
Orc:1:    layout_caves, serial_shops, nicolae_shop_stone, special_room
          [special_room_orc], basic_altar, mines_bat_river

Skill      XL: |  1  2  3  4  5  6  7  8  9 10 11 12 13 14 |
---------------+-------------------------------------------+-----
Axes           | 4 5 6 7 8 13 17 | 17.6
Armour         | 4 6 7 10 | 10.0
Evocations     | 2 6 10 | 10.0
Fighting       | 4 5 6 7 8 12 | 12.9
Polearms       | 6 |  6.0
Throwing       | 5 6 11 12 | 12.0
Shields        | 8 |  8.0
Dodging        | 6 |  6.0

Action                   |  1- 3 |  4- 6 |  7- 9 | 10-12 | 13-15 || total
-------------------------+-------+-------+-------+-------+-------++-------
Melee: Hand axe          |    79 |     5 |       |       |       ||    84
       Headbutt          |     8 |    14 |    20 |    69 |    96 ||   207
       Battleaxe         |       |    78 |       |       |       ||    78
       Trident           |       |       |    89 |       |       ||    89
       Punch             |       |       |     1 |     1 |       ||     2
       Broad axe         |       |       |    60 |   360 |   455 ||   875
Throw: Stone             |       |     3 |       |       |       ||     3
       Javelin           |       |     2 |     1 |       |       ||     3
       Dart              |       |     2 |    17 |    32 |    16 ||    67
       Boomerang         |       |       |     5 |    16 |    17 ||    38
Invok: Trog's Hand       |       |     3 |       |     2 |     7 ||    12
       Berserk           |       |     2 |     2 |     1 |     3 ||     8
       Brothers in Arms  |       |       |       |       |     5 ||     5
Evoke: Wand              |       |       |     7 |    16 |    13 ||    36
       Phial of floods   |       |       |       |     1 |       ||     1
 Stab: Sleeping          |     1 |       |       |       |       ||     1
       Distracted        |       |       |       |       |     1 ||     1
Armor: Chain mail        |    51 |    58 |    89 |    69 |       ||   267
       Ring mail         |     2 |       |       |       |       ||     2
       Animal skin       |     1 |       |       |       |       ||     1
       Plate armour      |       |       |       |    92 |   194 ||   286
Dodge: Dodged            |    41 |    41 |    94 |   117 |   129 ||   422
Block: Buckler           |       |       |       |    13 |    98 ||   111
